 Dungeon Crawl Stone Soup version 0.28.0-43-g3370ac3207 (webtiles) character file.

Game seed: 6153350310431659741

68843 suse60 the Slayer (level 15, -1/160 HPs)
             Began as a Hill Orc Fighter on Mar 23, 2022.
             Was the Champion of Beogh.
             Slain by a spark wasp (12 damage)
             ... on level 1 of the Spider Nest on Mar 25, 2022.
             The game lasted 03:29:57 (25733 turns).

suse60 the Slayer (Hill Orc Fighter)               Turns: 25733, Time: 03:29:57

Health: -1/160     AC: 21    Str: 25    XL:     15   Next: 27%
Magic:  0/15       EV: 20    Int:  8    God:    Beogh [******]
Gold:   1912       SH:  8    Dex: 19    Spells: 14/14 levels left

rFire   + + +      SeeInvis +   g - +5 hand axe of Arcadian Forgiveness {vamp, rC+ Dex+3}
rCold   + . .      Faith    .   (no shield)
rNeg    . . .      Spirit   +   s - +2 scale mail of Fedhas's Castigation {rPois rF++ SInv}
rPois   +          Reflect  .   n - +1 helmet
rElec   .          Harm     .   d - +1 cloak
rCorr   .          Rampage  .   c - +1 pair of gloves
Will    +....                   b - +2 pair of boots
Stlth   ..........              h - brooch of Shielding {Spirit SH+8}
HPRegen 0.36/turn               r - +4 ring of evasion
MPRegen 0.14/turn               x - ring of Fatigue {rPois rF+ EV+4 Str+4}

@: about to teleport, hasted, very quick
A: walk on water, fire resistance 1, poison resistance
a: Renounce Religion, Smiting, Recall Orcish Followers, Give Item to Named
Follower, Resurrection


You were on level 1 of the Spider Nest.
You worshipped Beogh.
Beogh was exalted by your worship.
You visited 6 branches of the dungeon, and saw 22 of its levels.

You collected 2559 gold pieces.
You spent 647 gold pieces at shops.

Inventory:

Hand Weapons
 g - the +5 hand axe of Arcadian Forgiveness (weapon) {vamp, rC+ Dex+3}
   (You bought it in a shop on level 2 of the Orcish Mines)

   It occasionally heals its wielder for a portion of the damage dealt when it
   wounds a living foe.
   Dex:       It affects your dexterity (+3).
   rC:        It protects you from cold.
Missiles
 j - 3 curare-tipped darts (quivered)
 l - 27 poisoned darts
Armour
 b - a +2 pair of boots (worn)
 c - a +1 pair of gloves (worn)
 d - a +1 cloak (worn)
 n - a +1 helmet (worn)
 s - the +2 scale mail of Fedhas's Castigation (worn) {rPois rF++ SInv}
   (You found it on level 4 of the Dungeon)

   rF:        It greatly protects you from fire.
   rPois:     It protects you from poison.
   SInv:      It lets you see invisible.
Jewellery
 e - a ring of protection from fire
 h - the brooch of Shielding (around neck) {Spirit SH+8}
   (You found it on level 5 of the Dungeon)

   [amulet of guardian spirit]

   It causes incoming damage to be divided between your reserves of health and
   magic.
   SH:        It affects your SH (+8).
 r - a +4 ring of evasion (left hand)
 x - the ring of Fatigue (right hand) {rPois rF+ EV+4 Str+4}
   (You found it on level 6 of the Lair of Beasts)

   [ring of evasion]

   EV:        It affects your evasion (+4).
   Str:       It affects your strength (+4).
   rF:        It protects you from fire.
   rPois:     It protects you from poison.
Wands
 o - a wand of mindburst (14)
 q - a wand of paralysis (11)
 v - a wand of digging (6)
 w - a wand of flame (19)
 C - a wand of iceblast (3)
 G - a wand of acid (5)
Scrolls
 a - a scroll of fog
 f - 6 scrolls of teleportation
 t - a scroll of magic mapping
 y - 3 scrolls of silence
Potions
 i - 3 potions of resistance
 k - 9 potions of curing
 p - 4 potions of flight
 z - 3 potions of haste
 B - 2 potions of magic
 E - a potion of might
Miscellaneous
 F - a condenser vane


   Skills:
 + Level 21.6 Fighting
 - Level 5.0 Long Blades
 - Level 20.1 Axes
 - Level 10.0 Armour
 + Level 3.1 Dodging
 - Level 5.0 Shields


You had 14 spell levels left.
You didn't know any spells.
Your spell library contained the following spells:

 Spells                   Type           Power      Damage    Failure   Level
 Beastly Appendage        Tmut           0%         N/A       65%         1
 Sandblast                Erth           0%         2d4       65%         1
 Shock                    Conj/Air       0%         1d3       65%         1
 Passwall                 Tmut/Erth      0%         N/A       80%         2
 Sublimation of Blood     Necr           0%         N/A       80%         2
 Wereblood                Tmut           0%         N/A       80%         2
 Call Canine Familiar     Summ           0%         N/A       95%         3
 Dazzling Flash           Conj/Hex       0%         N/A       95%         3
 Ignite Poison            Fire/Tmut/Pois 0%         N/A       95%         3
 Inner Flame              Hex/Fire       0%         N/A       95%         3
 Mephitic Cloud           Conj/Pois/Air  0%         N/A       95%         3
 Portal Projectile        Hex/Tloc       0%         N/A       95%         3
 Spider Form              Tmut/Pois      0%         N/A       95%         3
 Stone Arrow              Conj/Erth      0%         3d7       95%         3
 Swiftness                Air            0%         N/A       95%         3
 Airstrike                Air            0%         N/A       100%        4
 Cause Fear               Hex            0%         N/A       100%        4
 Iskenderun's Mystic Bla  Conj/Tloc      0%         2d3       100%        4
 Leda's Liquefaction      Hex/Erth       0%         N/A       100%        4
 Petrify                  Tmut/Erth      0%         N/A       100%        4
 Freezing Cloud           Conj/Ice/Air   0%         6-21      100%        5
 Irradiate                Conj/Tmut      0%         3d13      100%        5
 Starburst                Conj/Fire      0%         6d3       100%        6
 Discord                  Hex            0%         N/A       100%        8


Dungeon Overview and Level Annotations

Branches:
Dungeon (10/15)            Temple (1/1) D:5            Lair (6/6) D:10
  Swamp (2/4) Lair:4       Spider (1/4) Lair:2        Slime (0/5) Lair:6
    Orc (2/2) D:10            Elf (0/3) Orc:2

Altars:
Ashenzari
Cheibriados
Dithmenos
Elyvilon
Fedhas
Gozag
Hepliaklqana
Kikubaaqudgha
Makhleb
Nemelex Xobeh
Okawaru
Qazlal
Ru
Sif Muna
Trog
Uskayaw
Vehumet
Wu Jian
Xom
Yredelemnul
Zin
The Shining One
Beogh
Jiyva

Shops:
D:9 *   D:10 =   Orc:2 (*(=   Swamp:2 *

Annotations:
Spider:1 Frances, Urug


Innate Abilities, Weirdness & Mutations

You can walk on water.
Your flesh is heat resistant. (rF+)
Your system is resistant to poisons. (rPois)


Message History

You slash Nikola!
You feel better.
Nikola is almost dead.
Nikola points at you and mumbles some strange words.
The bolt of lightning hits you!!!
* * * LOW HITPOINT WARNING * * *
You feel better.
Nikola hits you with a +4 rapier of electrocution.
* * * LOW HITPOINT WARNING * * *
You slash Nikola!
You kill Nikola!
Beogh accepts your kill.
Your Dodging skill increases to level 3!
Blink to where?
Press: ? - help, Q - select action, (/) - cycle Dir - move target Frances, Duchess of Pandemonium comes into view.
She is wielding a +1 scimitar of draining.
As you read the scroll of blinking, it crumbles to dust.
Frances shouts!
Frances sneers.
You feel yourself speed up.
A spark wasp comes into view.
Frances mutters in a terrible tongue.
The shard of ice hits you! You partially resist.
* * * LOW HITPOINT WARNING * * *
The spark wasp buzzes angrily.
The spark wasp bursts into living lightning!
The living lightning hits you!
* * * LOW HITPOINT WARNING * * *
The spark wasp blinks! x2
The spark wasp stings you but does no damage.
You feel better. The spark wasp barely misses you.
As you read the scroll of teleportation, it crumbles to dust.
You feel strangely unstable.
Frances says, "There is a strange beauty in the demonic, don't you think?"
Frances chants phrases taken from a devil's mouth.
A steelbarb worm comes into view.
The spark wasp stings you but does no damage.
You feel better. The spark wasp stings you!
* * * LOW HITPOINT WARNING * * *
The spark wasp shocks you!
You die...

.....# ##.........
.....## #..........
......# #..<.......
...).s###
##..........
....sss)####
#...........
....####.s)###
#........... .####
###ss.####.o........#
##.##
####^..##........##
....##
###)@........^.#
.....# ##y.....####..
.....# #....@....#
$....# #......[...#
...... #.....4.....#
...... #............
..@... #............
.....# #...ยง.w......
.....#


You could see a broodmother, Frances, a steelbarb worm, a spark wasp, a hellwing
(summoned), a culicivora and a redback (summoned).

Vanquished Creatures
  Nikola (Spider:1)
  An orc warlord (Orc:2)
  The ghost of Bolunijamo the Blocker, a journeyman GnFi of Okawaru (Lair:5)
  3 dire elephants
  A spark wasp (Spider:1)
  6 hydras
  A boulder beetle (Lair:6)
  A two-headed ogre (D:9)
  4 alligators
  A centaur warrior (D:9)
  10 death yaks
  2 orc high priests (Orc:2)
  The ghost of protoss039 the Thaumaturge, a novice DEFE of Sif Muna (D:10)
  A goliath frog (Swamp:1)
  A pharaoh ant (Spider:1)
  A spriggan druid (Swamp:1)
  A sun moth (Spider:1)
  4 swamp dragons
  4 bog bodies (Swamp:2)
  An orc knight (Orc:2)
  An ugly thing (D:9)
  3 necromancers (Lair:6)
  A wolf spider (Spider:1)
  A will-o-the-wisp (Swamp:1)
  2 orc sorcerers (Orc:2)
  2 cyclopes
  8 elephants
  2 black mambas
  A torpor snail (Spider:1)
  2 dire elephant zombies (Lair:6)
  An unseen horror (D:10)
  8 cane toads
  Maggie (D:6)
  An efreet (D:9)
  A rime drake (Lair:6)
  7 komodo dragons
  5 trolls
  2 meliai (Spider:1)
  A bloated husk (Swamp:1)
  5 tyrant leeches
  A hornet (Swamp:2)
  3 tarantellas (Spider:1)
  5 blink frogs
  Prince Ribbit (Lair:1)
  A spectral elephant (Lair:6)
  3 spriggans
  2 jumping spiders (Spider:1)
  A shadow (D:5)
  2 wraiths
  4 wyverns
  3 basilisks
  20 yaks
  A steam dragon (D:9)
  A redback (Spider:1)
  2 wargs
  Menkaure (D:7)
  5 vampire mosquitoes
  11 swamp worms
  2 acid dragons
  10 water moccasins
  11 orc warriors
  2 hornet zombies
  An ice beast (D:7)
  2 sky beasts
  A necrophage (D:5)
  8 ogres
  An elephant skeleton (Lair:6)
  4 wolves
  6 centaurs
  A kobold brigand (D:10)
  7 bullfrogs
  A gnoll sergeant (D:10)
  A wyvern zombie (D:8)
  A water moccasin zombie (D:6)
  A scorpion (D:5)
  A cane toad simulacrum (Lair:6)
  2 water moccasin skeletons
  8 killer bees
  9 electric eels
  A howler monkey (D:9)
  11 wights
  2 bullfrog zombies
  2 centaur zombies
  5 hounds
  7 orc priests
  3 jellies
  2 centaur skeletons (D:6)
  Crazy Yiuf (D:3)
  4 iguanas
  Terence (D:2)
  Ijyb (D:4)
  Natasha (thrice) (D:3)
  14 orc wizards
  A statue (D:3)
  A killer bee zombie (D:7)
  A hound skeleton (D:4)
  A howler monkey zombie (D:5)
  4 gnolls (D:10)
  A howler monkey skeleton (D:5)
  9 adders
  4 white imps
  3 dart slugs
  51 orcs
  5 endoplasms
  A giant cockroach (D:1)
  7 goblins
  6 hobgoblins
  4 jackals
  2 quokkas (D:4)
  11 ball pythons
  3 bats
  4 frilled lizards
  7 kobolds
  6 rats
437 creatures vanquished.

Vanquished Creatures (collateral kills)
  Fannar (Lair:1)
  A hydra (Lair:5)
  4 death yaks
  An orc high priest (Orc:2)
  A goliath frog (Swamp:1)
  A spriggan druid (Swamp:1)
  A spectral anaconda (Lair:6)
  An obsidian statue (Lair:6)
  A necromancer (Lair:6)
  3 orc knights (Orc:2)
  An orc sorcerer (Orc:2)
  2 black mambas
  A dire elephant zombie (Lair:6)
  4 elephants
  A torpor snail (Lair:5)
  2 cane toads
  3 komodo dragons
  A polar bear (Lair:5)
  A dream sheep (Lair:5)
  3 blink frogs (Lair:4)
  A spectral elephant (Lair:6)
  A jumping spider (Spider:1)
  4 yaks
  A wyvern (Lair:6)
  3 basilisks
  3 redbacks (Spider:1)
  A death yak simulacrum (Lair:6)
  5 wargs
  6 water moccasins
  7 orc warriors (Orc:2)
  An elephant zombie (Lair:6)
  3 ogres (Orc:2)
  4 wolves (Lair:4)
  A bullfrog (Lair:1)
  A cane toad simulacrum (Lair:6)
  3 orc priests
  3 orc wizards (Orc:2)
  7 orcs
89 creatures vanquished.

Vanquished Creatures (others)
  An orc warlord (Swamp:1)
  An orc high priest (Orc:2)
  Urug (Spider:1)
  2 orc knights
  2 orc sorcerers (Orc:2)
  A meliai (Spider:1)
  A bloated husk (Swamp:1)
  A culicivora (Spider:1)
  7 orc warriors
  9 orc priests
  11 orc wizards
  30 orcs
  A bush (Lair:5)
  6 foxfires (Swamp:1)
  21 fungi
  23 plants
  27 withered plants (Lair:6)
145 creatures vanquished.

Grand Total: 671 creatures vanquished

Notes
Turn   | Place    | Note
-------+----------+-------------------------------------------
     0 | D:1      | suse60 the Hill Orc Fighter began the quest for the Orb.
     0 | D:1      | Reached XP level 1. HP: 19/19 MP: 1/1
   110 | D:1      | Reached XP level 2. HP: 27/27 MP: 2/2
   267 | D:1      | Found a faded altar of an unknown god.
   501 | D:1      | Reached skill level 4 in Fighting
   762 | D:2      | Identified the +4 ring mail of Leaves {rC+ Str+2}
   781 | D:2      | Reached XP level 3. HP: 33/33 MP: 3/3
  1026 | D:2      | Noticed Terence
  1038 | D:2      | Killed Terence
  1039 | D:2      | Reached XP level 4. HP: 34/40 MP: 1/4
  1608 | D:3      | Gained mutation: You tend to lose your temper in combat.
                  | [potion of mutation]
  1608 | D:3      | Gained mutation: You have a pair of small horns on your
                  | head. [potion of mutation]
  1639 | D:3      | Found a runed translucent door.
  1640 | D:3      | Noticed Crazy Yiuf
  1679 | D:3      | Found a transporter.
  1709 | D:3      | Found a transporter.
  1755 | D:3      | Noticed Natasha
  1765 | D:3      | Killed Natasha
  1836 | D:3      | Reached XP level 5. HP: 39/47 MP: 5/5
  1921 | D:3      | Noticed Natasha
  1931 | D:3      | Killed Natasha
  2143 | D:3      | Found a radiant altar of Vehumet.
  2143 | D:3      | Noticed a charred statue
  2153 | D:3      | Noticed Natasha
  2162 | D:3      | Killed Natasha
  2293 | D:3      | Killed Crazy Yiuf
  2497 | D:4      | Noticed Ijyb
  2500 | D:4      | Paralysed by Ijyb for 4 turns
  2508 | D:4      | Killed Ijyb
  2509 | D:4      | Reached skill level 5 in Fighting
  2509 | D:4      | Reached XP level 6. HP: 54/56 MP: 6/6
  2569 | D:4      | Noticed an orc warrior
  2577 | D:4      | Killed an orc warrior
  2580 | D:4      | Reached skill level 5 in Axes
  2629 | D:4      | Reached skill level 5 in Armour
  2671 | D:4      | Reached skill level 5 in Shields
  2676 | D:4      | Reached XP level 7. HP: 55/61 MP: 5/7
  2881 | D:4      | Reached skill level 6 in Fighting
  3165 | D:4      | Identified the +2 scale mail of Fedhas's Castigation {rPois
                  | rF++ SInv}
  3659 | D:5      | Entered Level 5 of the Dungeon
  3948 | D:5      | Found a staircase to the Ecumenical Temple.
  3963 | Temple   | Entered the Ecumenical Temple
  4400 | D:5      | Reached skill level 7 in Fighting
  4423 | D:5      | Reached XP level 8. HP: 72/73 MP: 8/8
  4425 | D:5      | Found the brooch of Shielding {Spirit SH+8}
  5274 | D:5      | Reached skill level 8 in Fighting
  5396 | D:5      | Reached skill level 9 in Fighting
  5446 | D:5      | Noticed a shadow
  5446 | D:5      | Noticed a wraith
  5463 | D:5      | Killed a shadow
  5464 | D:5      | Reached XP level 9. HP: 75/84 MP: 7/9
  5472 | D:5      | Reached skill level 10 in Axes
  5527 | D:5      | Identified the +0 executioner's axe "Ystiemud" {vorpal,
                  | MP+9 Int+7}
  6113 | D:6      | Reached skill level 10 in Fighting
  6537 | D:6      | Noticed Maggie
  6552 | D:6      | Killed Maggie
  6692 | D:6      | Lost mutation: You tend to lose your temper in combat.
                  | [potion of mutation]
  6692 | D:6      | Lost mutation: You have a pair of small horns on your head.
                  | [potion of mutation]
  6692 | D:6      | Gained mutation: Your system is resistant to poisons.
                  | (rPois) [potion of mutation]
  6692 | D:6      | Gained mutation: Your flesh is heat resistant. (rF+)
                  | [potion of mutation]
  7004 | D:6      | Found a sacrificial altar of Ru.
  7013 | D:6      | Reached skill level 11 in Fighting
  7461 | D:6      | Reached XP level 10. HP: 91/96 MP: 8/10
  7952 | D:7      | Became a worshipper of Beogh the Brigand
  8111 | D:7      | Reached skill level 12 in Fighting
  8111 | D:7      | Noticed Menkaure
  8118 | D:7      | Killed Menkaure
  8946 | D:8      | Reached * piety under Beogh
  9689 | D:8      | Found a white marble altar of Elyvilon.
 10182 | D:9      | Noticed a two-headed ogre
 10187 | D:9      | Reached skill level 13 in Fighting
 10192 | D:9      | Killed a two-headed ogre
 10647 | D:9      | Found Fucvooxigu's Serpentskin Sales.
 10738 | D:9      | Reached XP level 11. HP: 107/107 MP: 11/11
 10831 | D:9      | Found an ornate altar of the Wu Jian Council.
 10832 | D:9      | Found a bloodstained altar of Trog.
 10832 | D:9      | Found a snail-covered altar of Cheibriados.
 10994 | D:9      | Noticed a centaur warrior
 11003 | D:9      | Killed a centaur warrior
 11048 | D:9      | Reached skill level 14 in Fighting
 11074 | D:9      | Noticed a green ugly thing
 11080 | D:9      | Killed a green ugly thing
 11081 | D:9      | Reached skill level 15 in Axes
 11387 | D:9      | Found a blossoming altar of Fedhas.
 11730 | D:10     | Entered Level 10 of the Dungeon
 11730 | D:10     | Found a staircase to the Lair.
 11795 | D:10     | Noticed a cyclops
 11876 | D:10     | Killed a cyclops
 12048 | D:10     | Reached ** piety under Beogh
 12125 | D:10     | Found a staircase to the Orcish Mines.
 12534 | D:10     | Found Timpoxum's Jewellery Shoppe.
 12548 | D:10     | Found a runed translucent door.
 12548 | D:10     | Noticed protoss039's ghost (novice DEFE)
 13109 | D:10     | Reached *** piety under Beogh
 13119 | D:10     | Reached skill level 15 in Fighting
 13216 | D:10     | Killed protoss039's ghost
 13296 | Lair:1   | Entered Level 1 of the Lair of Beasts
 13345 | Lair:1   | Identified a scroll of acquirement
 13345 | Lair:1   | Acquired 592 gold pieces
 13443 | Lair:1   | Noticed Prince Ribbit
 13466 | Lair:1   | Killed Prince Ribbit
 13473 | Lair:1   | Reached XP level 12. HP: 103/121 MP: 10/12
 13725 | Lair:1   | Noticed Fannar
 13746 | Lair:1   | Killed Fannar
 14304 | Lair:2   | Reached skill level 16 in Fighting
 14743 | Lair:2   | Found a hole to the Spider Nest.
 15887 | Lair:4   | Reached **** piety under Beogh
 16050 | Lair:4   | Noticed an eight-headed hydra
 16076 | Lair:4   | Killed a one-headed hydra
 16080 | Lair:4   | Noticed a five-headed hydra
 16095 | Lair:4   | Killed a one-headed hydra
 16095 | Lair:4   | Gained Morbeogh as an ally
 16096 | Lair:4   | Reached skill level 17 in Fighting
 16395 | Lair:4   | Found a staircase to the Swamp.
 17160 | Lair:5   | Reached XP level 13. HP: 121/133 MP: 13/13
 17204 | Lair:5   | Found a runed translucent gate.
 17205 | Lair:5   | Found a runed translucent gate.
 17206 | Lair:5   | Found a runed translucent gate.
 17206 | Lair:5   | Noticed a dire elephant
 17206 | Lair:5   | Noticed Bolunijamo's ghost (journeyman GnFi)
 17786 | Lair:5   | Found a radiant altar of Vehumet.
 17846 | Lair:5   | Reached skill level 18 in Fighting
 18279 | Lair:6   | Entered Level 6 of the Lair of Beasts
 18371 | Lair:6   | Reached ***** piety under Beogh
 18723 | Lair:6   | Noticed a dire elephant
 18723 | Lair:6   | Noticed a dire elephant
 19005 | Lair:6   | Reached skill level 19 in Fighting
 19058 | Lair:6   | Found a staircase to the Slime Pits.
 19058 | Lair:6   | Found a viscous altar of Jiyva.
 19549 | Lair:6   | Reached XP level 14. HP: 143/146 MP: 14/14
 19638 | Lair:6   | Killed a dire elephant
 19662 | Lair:6   | Killed a dire elephant
 19960 | Lair:6   | Identified the ring of Fatigue {rPois rF+ EV+4 Str+4}
 20242 | Lair:5   | Killed a dire elephant
 20257 | Lair:5   | Killed Bolunijamo's ghost
 20260 | Lair:5   | Reached skill level 20 in Fighting
 20634 | Swamp:1  | Entered Level 1 of the Swamp
 20811 | Swamp:1  | Your ally Morbeogh died
 22065 | Swamp:1  | You fall into a shaft and drop 1 floor!
 22505 | Swamp:2  | Reached skill level 10 in Armour
 22532 | Swamp:2  | Reached skill level 1 in Long Blades
 23213 | Swamp:2  | Found Pisuotam's Island Escapes.
 23252 | Swamp:2  | Bought a potion of haste for 190 gold pieces
 23252 | Swamp:2  | Bought a scroll of blinking for 142 gold pieces
 23252 | Swamp:2  | Bought a scroll of teleportation for 57 gold pieces
 23497 | Orc:1    | Entered Level 1 of the Orcish Mines
 23658 | Orc:1    | Found a roughly hewn altar of Beogh.
 23711 | Orc:1    | Reached skill level 21 in Fighting
 23716 | Orc:1    | Gained Boghold as an ally
 23959 | Orc:2    | Entered Level 2 of the Orcish Mines
 23961 | Orc:2    | Your ally Boghold died
 23978 | Orc:2    | Gained Bogdan as an ally
 23986 | Orc:2    | Gained Ognian as an ally
 23987 | Orc:2    | Reached ****** piety under Beogh
 23987 | Orc:2    | Gained Ortolf as an ally
 23998 | Orc:2    | Noticed an orc warlord
 24117 | Orc:2    | Found a staircase to the Elven Halls.
 24537 | Orc:2    | Reached XP level 15. HP: 158/158 MP: 15/15
 24574 | Orc:2    | Noticed Urug
 24588 | Orc:2    | Gained Orik as an ally
 24723 | Orc:2    | Found Ticw's Antique Weapon Boutique.
 24723 | Orc:2    | Found Ovam's Jewellery Emporium.
 24725 | Orc:2    | Gained Borgun as an ally
 24726 | Orc:2    | Reached skill level 5 in Long Blades
 24730 | Orc:2    | Your ally Borgun died
 24739 | Orc:2    | Reached skill level 1 in Dodging
 24818 | Orc:2    | Found Tanoh's General Store.
 24818 | Orc:2    | Found Fievea's Antique Weapon Emporium.
 24826 | Orc:2    | Bought a scroll of identify for 34 gold pieces
 24833 | Orc:2    | Bought a fine hand axe for 224 gold pieces
 24833 | Orc:2    | Identified the +5 hand axe of Arcadian Forgiveness {vamp,
                  | rC+ Dex+3} (You bought it in a shop on level 2 of the
                  | Orcish Mines)
 25257 | Spider:1 | Entered Level 1 of the Spider Nest
 25305 | Spider:1 | Your ally Urug died
 25652 | Spider:1 | Noticed Nikola
 25727 | Spider:1 | Killed Nikola
 25728 | Spider:1 | Noticed Frances
 25730 | Spider:1 | HP: 5/160 [spark wasp/living lightning (12)]
 25733 | Spider:1 | Slain by a spark wasp

Illustrated notes

Levels and vault maps discovered:
D:1:      elethiomel_arrival_infinity_welcomes_careful_drivers, layout_basic,
          nicolae_ecumenical_snake_handling, minmay_hexomino_u4
D:2:      layout_loops_ring, serial_glass, glass_columns_a, glass_columns_a,
          kennysheep_cross_bottleneck, uniq_terence
D:3:      gammafunk_steamed_eel, layout_basic, vehumet_statue, uniq_natasha,
          uniq_crazy_yiuf_cottage
D:4:      kennysheep_spiral_hall, layout_loops_ring, kennysheep_big_empty_room,
          corexii_leaking_fountain, uniq_ijyb
D:5:      kennysheep_windowed_halls, layout_rooms, temple_green,
          nicolae_sextant, nicolae_underground_beach
D:6:      layout_loops_corners, nicolae_ru_great_annihilating_truth,
          minmay_crystal_room, chequers_big_river, uniq_maggie
D:7:      layout_rooms, uniq_menkaure
D:8:      layout_cave_pods, nicolae_elyvilon_temple_path
D:9:      wad_arrow_thing, layout_layer_cave,
          chequers_temple_overflow_statue_of_worship,
          mainiacjoe_overflow_brackets, guppyfry_shop_venom
D:10:     layout_roguey, david_lair_generic, hiddenorc2_lemuel,
          hellmonk_ghost_happy_afterlife, serial_shops, shop,
          grunt_ministairs_12, minmay_misc_feat_ornament
Temple:   regret_index_temple_generic_petals
Lair:1:   layout_cave_pods, serial_bayou_shore_a, lemuel_fruit_tree,
          uniq_fannar, uniq_prince_ribbit2
Lair:2:   layout_cave_shapes, dummy_spider_entry, infiniplex_staircase_pool_2
Lair:3:   layout_regular_city
Lair:4:   layout_gridlike, palyth_hydra_swamp_entry
Lair:5:   layout_hall_layers, gammafunk_ghost_split, basic_altar
Lair:6:   due_jungle_book, layout_misc_corridors, slime_altar_1,
          chequers_serial_rivers_micro_a, ldierk_geyser, grunt_megastairs_3,
          infiniplex_staircase_pool, serial_bayou_shore_b
Swamp:1:  layout_basic_swamp, evilmike_swamp_ruin_rubble_1
Swamp:2:  layout_basic_swamp, hangedman_swamp_blocks, swamp_pool2,
          nicolae_island_escapes
Spider:1: layout_cave_pods, drop_trap, uniq_nikola, uniq_frances
Orc:1:    layout_caves, basic_altar
Orc:2:    grunt_orc_tribal_feast, layout_caves, uniq_urug

Skill      XL: |  1  2  3  4  5  6  7  8  9 10 11 12 13 14 15 |
---------------+----------------------------------------------+-----
Axes           | 3 4 5 7 9 12 14 16 18 20 | 20.1
Fighting       | 4 5 7 9 11 13 15 17 19 21 | 21.6
Armour         | 4 5 6 10 | 10.0
Shields        | 4 5 |  5.0
Long Blades    | 4 5 |  5.0
Dodging        | 3 |  3.1

Action                   |  1- 3 |  4- 6 |  7- 9 | 10-12 | 13-15 || total
-------------------------+-------+-------+-------+-------+-------++-------
Melee: War axe           |    88 |   105 |   102 |       |       ||   295
       Headbutt          |       |    14 |    45 |       |       ||    59
       Battleaxe         |       |       |   156 |   501 |   514 ||  1171
       Scimitar          |       |       |       |    13 |    30 ||    43
       Hand axe          |       |       |       |       |    96 ||    96
       Punch             |       |       |       |       |     1 ||     1
Throw: Dart              |       |     3 |       |       |       ||     3
Invok: Convert to Beogh  |       |       |       |     1 |       ||     1
       Recall Orcish Fol |       |       |       |       |     1 ||     1
Evoke: Wand              |       |       |     1 |    10 |    26 ||    37
       Condenser vane    |       |       |       |       |     1 ||     1
  Use: Scroll            |       |     2 |     7 |    19 |    10 ||    38
       Potion            |       |     2 |     2 |     6 |    13 ||    23
 Stab: Paralysed         |       |       |     1 |     3 |       ||     4
       Distracted        |       |       |       |     3 |     9 ||    12
       Confused          |       |       |       |       |     1 ||     1
Armor: Scale mail        |    27 |       |    64 |   169 |   227 ||   487
       Ring mail         |     9 |    44 |     6 |       |       ||    59
Dodge: Dodged            |    40 |    52 |   121 |   262 |   361 ||   836
Block: Buckler           |    11 |    16 |    16 |       |       ||    43
       Other             |       |       |    11 |   174 |   205 ||   390
